 Dungeon Crawl Stone Soup version 0.17-a0-1150-g17b0b87 (webtiles) character file.

558 Fluffy the Skirmisher (level 7, -2/63 HPs)
             Began as a Minotaur Fighter on May 27, 2015.
             Was a Follower of Okawaru.
             Slain by an ice beast (10 damage)
             ... on level 8 of the Dungeon.
             The game lasted 00:10:32 (3340 turns).

Fluffy the Skirmisher (Minotaur Fighter)            Turns: 3340, Time: 00:10:32

Health: -2/63      AC:  7    Str: 20    XL:     7   Next: 9%
Magic:  7/7        EV: 12    Int:  5    God:    Okawaru [*.....]
Gold:   329        SH: 11    Dex: 17    Spells: 0 memorised, 6 levels left

rFire  . . .     SeeInvis .     a - +1 long sword
rCold  . . .     Clarity  .     b - +0 scale mail
rNeg   . . .     SustAt   .     c - +1 shield
rPois  .         Gourm    .     (helmet restricted)
rElec  .         Spirit   .     (no cloak)
rCorr  .         Warding  .     (no gloves)
rMut   .         Stasis   .     (no boots)
MR     .....                    (no amulet)
Stlth  +.........               (no ring)
                                (no ring)

@: agile, not resistant to hostile enchantments, very unstealthy
A: retaliatory headbutt, horns 2
a: Heroism, Renounce Religion


You were on level 8 of the Dungeon.
You worshipped Okawaru.
Okawaru was aware of your devotion.
You were near starving.

You visited 1 branch of the dungeon, and saw 6 of its levels.
You also visited: Sewer.

You collected 329 gold pieces.

Inventory:

Hand weapons
 a - a +1 long sword (weapon)
Armour
 b - a +0 scale mail (worn)
 c - a +1 shield (worn)
Scrolls
 f - a scroll of recharging
 h - 6 scrolls of remove curse {unknown}
 j - 2 scrolls of teleportation
 n - a scroll of blinking
 s - a scroll of enchant armour
 B - a scroll of magic mapping
Potions
 d - 2 potions of might
 k - a potion of resistance
 m - 2 potions of magic
 o - 4 potions of flight
 p - 3 potions of brilliance
 q - a potion of invisibility
 u - a potion of ambrosia
 v - a potion of heal wounds {unknown}
 A - a potion of degeneration {unknown}
Comestibles
 e - 8 bread rations
 g - a fruit
 l - 2 meat rations
 r - a royal jelly
 t - a beef jerky
 x - a slice of pizza


   Skills:
 + Level 6.1 Fighting
 + Level 5.3 Long Blades
 + Level 6.0 Armour
 - Level 3.6 Shields
 + Level 2.4 Invocations


You had 6 spell levels left.
You didn't know any spells.

Dungeon Overview and Level Annotations

Branches:
Dungeon (8/15)
 Temple: D:4-7         Lair: D:8-11

Altars:
Kikubaaqudgha
Okawaru

Annotations:
D:8 exclusion: ice statue


Innate Abilities, Weirdness & Mutations

You reflexively headbutt those who attack you in melee.
You have a pair of horns on your head.


Message History

The jackal is heavily wounded.
The giant frog moves out of view.
You closely miss the jackal. Your headbutt misses the jackal.
The jackal barely misses you. You block the jackal's attack.
You hit the jackal. You headbutt the jackal.
You kill the jackal!
Okawaru accepts your kill. You block the jackal's attack.
You hit the jackal.
You kill the jackal!
Okawaru accepts your kill.
You slash the ice beast! You headbutt the ice beast.
The ice beast is heavily wounded.
The ice beast hits you but does no damage.
You barely miss the ice beast. Your headbutt misses the ice beast.
The ice beast is heavily wounded.
The ice beast hits you.
* * * LOW HITPOINT WARNING * * *
The ice beast freezes you!
You die...

#....# #.####
# #.# #.#.#
#.#.# #...#
###.#
##.########.#
#......FY@..#
#..########.#
... #.# . #.#
#.# #.# #.#
.#


You could see an ice beast and a giant frog.

Vanquished Creatures
  A hungry ghost (D:8)
  An orc wizard (D:4)
  3 worker ants
  A siren (Sewer)
  An iguana (D:4)
  A merfolk avatar (Sewer)
  3 gnolls (D:2)
  4 river rats
  5 adders
  2 oozes
  2 worms (D:2)
  7 giant geckos
  12 orcs
  7 ball pythons
  5 giant cockroaches
  7 hobgoblins
  14 jackals
  9 kobolds
  4 bats
  4 giant newts
  9 goblins
  38 rats
140 creatures vanquished.

Vanquished Creatures (others)
  8 drowned souls (Sewer)
8 creatures vanquished.

Grand Total: 148 creatures vanquished

Notes
Turn   | Place    | Note
--------------------------------------------------------------
     0 | D:1      | Fluffy the Minotaur Fighter began the quest for the Orb.
     0 | D:1      | Reached XP level 1. HP: 19/19 MP: 0/0
   281 | D:1      | Reached skill level 4 in Armour
   410 | D:1      | Reached XP level 2. HP: 27/27 MP: 1/1
   830 | D:2      | Reached XP level 3. HP: 26/33 MP: 2/2
  1139 | D:2      | Reached XP level 4. HP: 37/41 MP: 3/3
  1603 | D:3      | Reached skill level 5 in Armour
  1632 | D:3      | Reached skill level 5 in Fighting
  1632 | D:3      | Reached XP level 5. HP: 45/48 MP: 4/4
  1881 | D:3      | Found an iron altar of Okawaru.
  1910 | D:3      | Became a worshipper of Warmaster Okawaru
  2259 | D:4      | Reached skill level 1 in Invocations
  2305 | D:4      | HP: 2/48 [iguana (7)]
  2354 | D:4      | Reached XP level 6. HP: 11/56 MP: 5/5
  2538 | D:4      | Found an ancient bone altar of Kikubaaqudgha.
  2571 | D:4      | Found a glowing drain.
  2586 | Sewer    | Entered a sewer
  2801 | Sewer    | Acquired Okawaru's first power
  2827 | Sewer    | Noticed a drowned soul
  2828 | Sewer    | Noticed a drowned soul
  2828 | Sewer    | Noticed a drowned soul
  2828 | Sewer    | Killed a drowned soul
  2829 | Sewer    | Noticed a drowned soul
  2830 | Sewer    | Noticed a drowned soul
  2831 | Sewer    | Noticed a drowned soul
  2831 | Sewer    | Killed a drowned soul
  2831 | Sewer    | Killed a drowned soul
  2834 | Sewer    | Noticed a drowned soul
  2835 | Sewer    | Noticed a drowned soul
  2835 | Sewer    | Killed a drowned soul
  2837 | Sewer    | Killed a drowned soul
  2838 | Sewer    | Noticed a drowned soul
  2840 | Sewer    | Noticed a drowned soul
  2840 | Sewer    | Noticed a drowned soul
  2840 | Sewer    | Killed a drowned soul
  2841 | Sewer    | Noticed a drowned soul
  2841 | Sewer    | Noticed a drowned soul
  2844 | Sewer    | Noticed a drowned soul
  2844 | Sewer    | Killed a drowned soul
  2844 | Sewer    | Killed a drowned soul
  2846 | Sewer    | Noticed a drowned soul
  2846 | Sewer    | Noticed a drowned soul
  2846 | Sewer    | Reached skill level 5 in Long Blades
  3203 | D:5      | Entered Level 5 of the Dungeon
  3225 | D:5      | You fall through a shaft for 3 floors!
  3225 | D:8      | Noticed an ice statue
  3261 | D:8      | Noticed a hungry ghost
  3301 | D:8      | Killed a hungry ghost
  3301 | D:8      | Reached skill level 6 in Fighting
  3301 | D:8      | Reached XP level 7. HP: 13/63 MP: 7/7
  3340 | D:8      | Slain by an ice beast

Vault maps used:
D:1:      lightli_arrival_chessboard
D:3:      okawaru_altar_gauntlet_db
D:4:      kennysheep_mini_moat, portal_sewer_entry_b, first_bread,
          serial_corexii_hall, corexii_hall_statues_l, corexii_hall_statues_x
D:5:      overflow_temple_1_default, serial_shops, shop
D:8:      lemuel_ice_statue, nemelex_deck, uniq_pikel, uniq_joseph, uniq_erica
Sewer:    sewer_sea

Action                   |  1- 3 |  4- 6 |  7- 9 || total
-------------------------+-------+-------+-------++-------
Melee: Long sword        |    77 |   267 |    12 ||   356
  Use: Scroll            |       |    15 |       ||    15
       Potion            |       |     2 |     1 ||     3
  Eat: Chunk             |     1 |     8 |       ||     9
